 Dungeon Crawl Stone Soup version 0.21.1-1-g345015fe64 (webtiles) character file.

7362 Mychaelh the Cleaver (level 10, -3/88 HPs)
             Began as a Minotaur Berserker on July 17, 2018.
             Was an Elder of Trog.
             Killed from afar by a wizard (21 damage)
             ... with a bolt of lightning
             ... on level 9 of the Dungeon on July 19, 2018.
             The game lasted 01:31:48 (8944 turns).

Mychaelh the Cleaver (Minotaur Berserker)           Turns: 8944, Time: 01:31:49

Health: -3/88      AC: 20    Str: 24    XL:     10   Next: 91%
Magic:  9/9        EV: 11    Int:  4    God:    Trog [****..]
Gold:   343        SH:  4    Dex: 11    Spells: 9/9 levels left

rFire    . . .     SeeInvis .   a - +0 war axe
rCold    . . .     Gourm    .   (no shield)
rNeg     . . .     Faith    .   P - +0 plate armour
rPois    .         Spirit   .   (helmet restricted)
rElec    .         Reflect  +   U - +1 cloak
rCorr    .         Harm     .   (no gloves)
MR       .....                  (no boots)
Stlth    ..........             F - +4 amulet of reflection
HPRegen  0.24/turn              m - +4 ring of protection
MPRegen  0.11/turn              B - +2 ring of evasion

@: no status effects
A: retaliatory headbutt, horns 2
a: Berserk, Trog's Hand, Brothers in Arms, Burn Spellbooks, Renounce Religion


You were on level 9 of the Dungeon.
You worshipped Trog.
Trog was greatly pleased with you.
You were not hungry.

You visited 2 branches of the dungeon, and saw 10 of its levels.

You collected 343 gold pieces.

Inventory:

Hand Weapons
 a - a +0 war axe (weapon)
 b - a +0 blowgun
 g - a +0 hunting sling
 s - a +1 rapier of draining
Missiles
 e - 123 sling bullets
 D - 18 tomahawks
 J - 18 poisoned needles
 Q - 2 javelins (quivered)
Armour
 d - a scarf of repulsion
 P - a +0 plate armour (worn)
 U - a +1 cloak (worn)
Jewellery
 f - an uncursed ring of protection from magic
 m - a +4 ring of protection (left hand)
 B - a +2 ring of evasion (right hand)
 F - a +4 amulet of reflection (around neck)
Wands
 p - a wand of random effects (48)
 x - a wand of polymorph (9)
 K - a wand of enslavement (5)
Scrolls
 h - 2 scrolls of teleportation
 l - a scroll of noise {unknown}
 q - 2 scrolls of immolation
 u - 6 scrolls of remove curse
 v - a scroll of amnesia {unknown}
 y - a scroll of random uselessness {unknown}
 H - 2 scrolls of blinking
 I - a scroll of magic mapping {unknown}
 L - 2 scrolls of silence
 M - a scroll of fog {unknown}
Potions
 c - a potion of ambrosia
 i - a potion of might
 j - a potion of haste
 k - 5 potions of curing
 n - a potion of magic
 o - a potion of berserk rage
 r - 4 potions of lignification
 t - 2 potions of heal wounds
 w - a potion of degeneration
 z - a potion of brilliance {unknown}
 C - a potion of flight
 E - a potion of invisibility {unknown}
 N - a potion of agility {unknown}
Comestibles
 A - 6 rations


   Skills:
 + Level 8.2 Fighting
 + Level 12.8 Axes
 + Level 3.9(5.7) Slings
 + Level 5.9(6.3) Throwing
 + Level 9.7 Armour
 + Level 4.7 Dodging
 + Level 1.6 Stealth


You had 9 spell levels left.
You didn't know any spells.

Dungeon Overview and Level Annotations

Branches:
Dungeon (9/15)             Temple (1/1) D:6            Lair (0/6) D:8
    Orc: D:9-12

Altars:
Ashenzari
Cheibriados
Dithmenos
Elyvilon
Fedhas
Gozag
Hepliaklqana
Kikubaaqudgha
Makhleb
Nemelex Xobeh
Okawaru
Qazlal
Ru
Sif Muna
Trog
Uskayaw
Vehumet
Wu Jian
Xom
Zin
Jiyva

Shops:
D:2 *   D:4 [


Innate Abilities, Weirdness & Mutations

You reflexively headbutt those who attack you in melee.
You have a pair of horns on your head.


Message History

< or
m - a +4 ring of protection > or
f - a ring of protection from magic You remove your ring of protection from magic.
B - a +2 ring of evasion (right hand)
A wizard comes into view. It is wielding a dagger.
The wizard shouts!
You hear a shout!
The wizard mumbles some strange words.
The wizard flickers and vanishes!
Deactivating autopickup; reactivate with Ctrl-A.
A stone arrow appears from out of thin air!
The stone arrow hits you!
Something tries to affect you, but you resist.
An orc comes into view. It is wielding a mace.
A stone arrow appears from out of thin air!
The stone arrow hits you!
* * * LOW HITPOINT WARNING * * *
You hear some strange, mumbled words.
A bolt of lightning appears from out of thin air!
The bolt of lightning hits you!
You die...

#.#.#########
.###.#.....#...# >.
..........##...# #.# .
##......#.##...###..# ..
#..##.....#.#.....##..
...# #.#.....#....... ..#
#.##..........### ..
#.#..##.........# .
#.#.###....@.## #.#.
##......# .
#.#.##..#.....# ... ..
..#.#..##......# ...####.
.###########{...#..(......
. ................
##..o>..........
#...............
##...............


You could see an orc.

Vanquished Creatures
  Gastronok (D:8)
  A two-headed ogre (D:8)
  Pikel (D:7)
  Maurice (D:8)
  The ghost of zx48k the Covert, a novice OpVM (D:6)
  The ghost of brittlin the Chopper, an amateur HOFi of Makhleb (D:5)
  Prince Ribbit (D:7)
  A hippogriff (D:8)
  A spriggan (D:8)
  3 wargs (D:8)
  A sky beast (D:8)
  A slave (D:7)
  An orc warrior (D:7)
  A black bear (D:8)
  6 ogres
  A necrophage (D:7)
  A centaur (D:8)
  2 bullfrogs
  A wyvern zombie (D:9)
  4 killer bees (D:9)
  2 electric eels (D:8)
  5 howler monkeys
  A centaur zombie (D:6)
  10 orc wizards
  5 orc priests
  2 hounds
  Ijyb (D:4)
  2 bullfrog skeletons (D:5)
  Jessica (D:2)
  Natasha (thrice) (D:3)
  Terence (D:3)
  2 iguanas
  5 worker ants
  2 hound skeletons
  10 adders
  A shadow imp (D:9)
  4 oozes
  An adder skeleton (D:6)
  A dart slug (D:1)
  6 leopard geckos
  18 orcs
  7 bats
  8 giant cockroaches
  5 goblins
  8 hobgoblins
  4 jackals
  5 quokkas
  3 ball pythons
  5 frilled lizards
  7 kobolds
  5 rats
171 creatures vanquished.

Notes
Turn   | Place    | Note
-------+----------+-------------------------------------------
     0 | D:1      | Mychaelh the Minotaur Berserker began the quest for the Orb.
     0 | D:1      | Reached XP level 1. HP: 19/19 MP: 0/0
   169 | D:1      | Reached skill level 4 in Axes
   169 | D:1      | Reached XP level 2. HP: 27/27 MP: 1/1
   526 | D:1      | Reached ** piety under Trog
   526 | D:1      | Reached XP level 3. HP: 33/33 MP: 2/2
  1101 | D:2      | Found Gozag's Platinum Reserve.
  1110 | D:2      | Found an opulent altar of Gozag.
  1647 | D:2      | Noticed Jessica
  1651 | D:2      | Killed Jessica
  1651 | D:2      | Reached skill level 5 in Axes
  1651 | D:2      | Reached XP level 4. HP: 41/41 MP: 3/3
  2121 | D:3      | Noticed Natasha
  2126 | D:3      | Killed Natasha
  2314 | D:3      | Noticed Natasha
  2318 | D:3      | Killed Natasha
  2318 | D:3      | Reached XP level 5. HP: 47/47 MP: 4/4
  2319 | D:3      | Found a bloodstained altar of Trog.
  2326 | D:3      | Noticed Terence
  2330 | D:3      | Killed Terence
  2330 | D:3      | Reached skill level 1 in Throwing
  2359 | D:3      | Found a sparkling altar of Nemelex Xobeh.
  2575 | D:3      | Noticed Natasha
  2583 | D:3      | Killed Natasha
  2909 | D:4      | Found a burning altar of Makhleb.
  3119 | D:4      | Reached XP level 6. HP: 53/53 MP: 5/5
  3124 | D:4      | Found Lacuocol's Antique Armour Shop.
  3140 | D:4      | Reached skill level 1 in Slings
  3153 | D:4      | Reached skill level 1 in Stealth
  3157 | D:4      | Noticed Ijyb
  3183 | D:4      | Killed Ijyb
  3205 | D:4      | Reached skill level 6 in Axes
  3362 | D:4      | Found a hazy altar of Hepliaklqana.
  3382 | D:4      | Reached *** piety under Trog
  3383 | D:4      | Found an iron altar of Okawaru.
  3385 | D:4      | Found a blossoming altar of Fedhas.
  3826 | D:5      | Entered Level 5 of the Dungeon
  3970 | D:5      | Noticed brittlin's ghost (amateur HOFi)
  3979 | D:5      | Killed brittlin's ghost
  3979 | D:5      | Reached XP level 7. HP: 60/60 MP: 6/6
  4018 | D:5      | Reached skill level 5 in Fighting
  4442 | D:6      | Noticed zx48k's ghost (novice OpVM)
  4674 | D:6      | Found a staircase to the Ecumenical Temple.
  4683 | Temple   | Entered the Ecumenical Temple
  4894 | D:6      | Reached skill level 7 in Axes
  5028 | D:6      | Found an ornate altar of the Wu Jian Council.
  5029 | D:6      | Found a white marble altar of Elyvilon.
  5038 | D:6      | Reached XP level 8. HP: 65/68 MP: 7/7
  5190 | D:6      | Found a shimmering altar of Xom.
  5341 | D:6      | Killed zx48k's ghost
  5341 | D:6      | Reached skill level 8 in Axes
  5341 | D:6      | Reached skill level 5 in Armour
  6599 | D:7      | Noticed Pikel
  6622 | D:7      | Killed Pikel
  6622 | D:7      | Reached skill level 9 in Axes
  6622 | D:7      | Reached XP level 9. HP: 75/75 MP: 8/8
  6706 | D:7      | Noticed Prince Ribbit
  6787 | D:7      | Reached **** piety under Trog
  6795 | D:7      | Killed Prince Ribbit
  6795 | D:7      | Reached skill level 10 in Axes
  7025 | D:8      | Found a sacrificial altar of Ru.
  7099 | D:8      | Found a staircase to the Lair.
  7617 | D:8      | Noticed Maurice
  7631 | D:8      | Killed Maurice
  7631 | D:8      | Reached skill level 11 in Axes
  7631 | D:8      | Reached XP level 10. HP: 86/86 MP: 9/9
  8211 | D:8      | Noticed a two-headed ogre
  8219 | D:8      | Killed a two-headed ogre
  8309 | D:8      | Noticed Gastronok
  8328 | D:8      | Killed Gastronok
  8328 | D:8      | Reached skill level 12 in Axes
  8328 | D:8      | Reached skill level 5 in Throwing
  8809 | D:9      | Noticed a two-headed ogre
  8939 | D:9      | Noticed a wizard
  8944 | D:9      | Killed from afar by a wizard

Skill      XL: |  1  2  3  4  5  6  7  8  9 10 |
---------------+-------------------------------+-----
Axes           | 4 5 6 7 9 11 12 | 12.8
Fighting       | 4 5 6 7 8 |  8.2
Dodging        | 3 4 |  4.7
Armour         | 3 4 6 8 9 |  9.7
Throwing       | 1 2 4 5 |  5.9
Slings         | 2 3 |  3.9
Stealth        | 1 |  1.6

Action                   |  1- 3 |  4- 6 |  7- 9 | 10-12 || total
-------------------------+-------+-------+-------+-------++-------
Melee: Hand axe          |    77 |   103 |    88 |       ||   268
       Headbutt          |    12 |    14 |    49 |    15 ||    90
       War axe           |       |       |   168 |    67 ||   235
 Fire: Hunting sling     |       |    19 |     3 |       ||    22
       Blowgun           |       |       |    18 |       ||    18
Throw: Stone             |    42 |    19 |       |       ||    61
       Tomahawk          |       |    10 |     9 |     7 ||    26
       Javelin           |       |       |     6 |    14 ||    20
Invok: Berserk           |     1 |     5 |     6 |     1 ||    13
  Use: Scroll            |       |     1 |     7 |     4 ||    12
       Potion            |       |       |     5 |       ||     5
 Stab: Sleeping          |     1 |       |       |       ||     1
  Eat: Ration            |     1 |     2 |     4 |     2 ||     9
       Chunk             |       |     6 |     2 |       ||     8
Armor: Animal skin       |     4 |       |       |       ||     4
       Leather armour    |    10 |     5 |       |       ||    15
       Scale mail        |       |    23 |       |       ||    23
       Skin              |       |     8 |       |       ||     8
       Chain mail        |       |     6 |    97 |       ||   103
       Plate armour      |       |       |    41 |    38 ||    79
Dodge: Dodged            |    51 |    52 |   103 |    22 ||   228
Block: Other             |       |       |    20 |     7 ||    27
